 Dungeon Crawl Stone Soup version 0.31.0-7-gf635a9b802 (webtiles) character file.

Game seed: 10159399305771642240

520 puppykicker the Cleaver (level 7, 0/57 HPs)
             Began as a Hill Orc Fighter on Jan 23, 2024.
             Was an Initiate of Beogh.
             Slain by a yak (9 damage)
             ... on level 4 of the Dungeon.
             The game lasted 00:09:02 (3569 turns).

puppykicker the Cleaver (Hill Orc Fighter)          Turns: 3569, Time: 00:09:03

Health: 0/57       AC: 10    Str: 21    XL:     7   Next: 21%
Magic:  7/7        EV:  9    Int:  8    God:    Beogh [......]
Gold:   285        SH:  4    Dex: 10    Spells: 6/6 levels left

rFire   + . .        a - +0 war axe
rCold   + . .        c - +0 buckler
rNeg    . . .        b - +0 scale mail
rPois   .            j - +0 helmet
rElec   .            g - scarf {rC+ rF+}
rCorr   +            d - +0 pair of gloves
SInv    .            f - +0 pair of boots
Will    ++...        q - amulet of magic regeneration Stlth
                     C - ring of resist corrosion
HPRegen 0.29/turn    z - ring of willpower
MPRegen 0.50/turn

%: no passive effects
@: enlightened, flying
A: no striking features
a: Renounce Religion


You were on level 4 of the Dungeon.
You worshipped Beogh.
Beogh was noncommittal.
You visited 1 branch of the dungeon, and saw 5 of its levels.

You collected 285 gold pieces.

Inventory:

Hand Weapons
 a - a +0 war axe (weapon)
Missiles
 r - 8 poisoned darts
 t - 4 javelins (quivered)
Armour
 b - a +0 scale mail (worn)
 c - a +0 buckler (worn)
 d - a +0 pair of gloves (worn)
 f - a +0 pair of boots (worn)
 g - a scarf of resistance (worn)
 j - a +0 helmet (worn)
 A - the +1 ring mail "Xaodon" {Rampage rN+ Will+ Int+3}
   (You found it on level 5 of the Dungeon)

   Int+3:     It affects your intelligence (+3).
   rN+:       It protects you from negative energy.
   Will+:     It increases your willpower.
   Rampage:   It bestows one free step when moving towards enemies.
Jewellery
 q - an amulet of magic regeneration (around neck)
 z - a ring of willpower (right hand)
 C - a ring of resist corrosion (left hand)
Wands
 v - a wand of flame (22)
Scrolls
 h - 4 scrolls of identify {unknown}
 k - a scroll of brand weapon {unknown}
 l - 2 scrolls of enchant armour {unknown}
 m - a scroll of butterflies {unknown}
 o - a scroll of revelation {unknown}
 u - a scroll of enchant weapon {unknown}
 w - a scroll of immolation {unknown}
 x - a scroll of teleportation {unknown}
 y - a scroll of silence {unknown}
Potions
 e - a potion of enlightenment
 i - a potion of degeneration {unknown}
 n - a potion of haste {unknown}
 p - 2 potions of heal wounds {unknown}
 s - a potion of attraction {unknown}


   Skills:
 - Level 3.6 Fighting
 * Level 10.1 Axes
 - Level 3.2 Armour
 - Level 3.2 Shields


You had 6 spell levels left.
You didn't know any spells.
Your spell library contained the following spells:

 Spells                   Type           Power      Damage    Failure   Level
 Lesser Beckoning         Tloc           0%         N/A       91%         2
 Gell's Gravitas          Tloc           0%         N/A       99%         3
 Teleport Other           Tloc           0%         N/A       99%         3


Dungeon Overview and Level Annotations

Branches:
Dungeon (5/15)
 Temple: D:4-7

Altars:
Hepliaklqana

Shops:
D:3 :

Annotations:
D:4 need dig


Message History

A yak comes into view.
The yak bellows!
The centaur shoots an arrow.
You block the arrow.
A scorpion comes into view.
The centaur shoots an arrow.
The arrow closely misses you.
You see here the +1 ring mail "Xaodon" {Rampage rN+ Will+ Int+3}.
Unknown command.
A - the +1 ring mail "Xaodon" {Rampage rN+ Will+ Int+3} The centaur shoots an arrow.
You block the arrow.
The centaur shoots an arrow.
The arrow hits you. The yak gores you but does no damage.
There is a stone staircase leading up here.
You take 2 damage, and have 42/57 hp.
The centaur shoots an arrow.
The arrow hits you.
The centaur shoots an arrow.
The arrow barely misses you. The yak gores you.
You climb upwards.
Level annotation: need dig
There is a stone staircase leading down here.
You take 11 damage, and have 31/57 hp.
You hit the yak.
The yak is lightly wounded.
The yak gores you!
* * * LOW HITPOINT WARNING * * *
You take 11 damage, and have 20/57 hp.
You are too injured to fight recklessly!
You hit the yak but do no damage.
The yak is lightly wounded.
The yak gores you but does no damage.
Unknown command.
There is an open door here.
You hit the yak.
The yak is moderately wounded.
The yak gores you!
* * * LOW HITPOINT WARNING * * *
You take 12 damage, and have 9/57 hp.
MASSIVE DAMAGE!!
It was a potion of enlightenment.
You feel very buoyant.
You fly up into the air.
The yak gores you!
You die...

##########...........'....# #...
.).....#.....).......#....# #...
)).....#..####'###+###....####...
###....#..###..#..........^......
..#....#.......#.................
..)....#.......#.................
#......#.#######.................
..######.#.......################
..# #...#......@#>.......# ..#
#...#.......Y........# ..#
#...#.......#........# ..#
#...#.......#........# ..#
#####.......########## ###
#########


You could see a yak.

Levels and vault maps discovered:
D:1:      minmay_arrival_wavy_path, layout_rooms
D:2:      layout_basic, minmay_gold_behind_fungi, uniq_robin
D:3:      layout_loops_ring, minmay_misc_feat_columns, nicolae_shop_vocational,
          uniq_crazy_yiuf_cottage
D:4:      layout_gridville, mainiacjoe_overflow_alcove_2,
          lightli_corner_chamber, uniq_blork_the_orc
D:5:      layout_layer_cave, nicolae_nh_ransacked_shop

Notes
Turn   | Place    | Note
-------+----------+-------------------------------------------
     0 | D:1      | puppykicker the Hill Orc Fighter began the quest for the
                  | Orb.
     0 | D:1      | Reached XP level 1. HP: 19/19 MP: 1/1
    33 | D:1      | Reached skill level 3 in Axes
    36 | D:1      | Identified a +0 short sword
    96 | D:1      | Identified a +0 pair of boots
   100 | D:1      | Reached XP level 2. HP: 26/26 MP: 2/2
   125 | D:1      | Reached skill level 4 in Axes
   154 | D:1      | Identified a +0 club
   178 | D:1      | Identified a +0 whip
   310 | D:1      | Identified a +0 ring mail
   312 | D:1      | Reached XP level 3. HP: 31/31 MP: 3/3
   458 | D:2      | Identified a +0 short sword
   485 | D:2      | Reached skill level 5 in Axes
   489 | D:2      | Identified a scarf of resistance
   643 | D:2      | Identified a +0 dagger
   647 | D:2      | Identified a +0 robe
   681 | D:2      | Identified a +0 dagger
   683 | D:2      | Identified a +0 club
   683 | D:2      | Identified a +0 dagger
   684 | D:2      | Identified a +0 spear
   684 | D:2      | Identified a +0 animal skin
   684 | D:2      | Identified a +0 helmet
   684 | D:2      | Noticed Robin
   684 | D:2      | Identified a +0 club
   708 | D:2      | Killed Robin
   709 | D:2      | Reached XP level 4. HP: 35/39 MP: 4/4
   820 | D:2      | Identified a +0 robe
   986 | D:2      | Identified a +0 whip
   986 | D:2      | Identified a +0 flail
   987 | D:2      | Identified a +0 spear
   994 | D:2      | Reached skill level 6 in Axes
  1016 | D:2      | Identified a +0 falchion
  1079 | D:2      | Reached XP level 5. HP: 45/45 MP: 5/5
  1126 | D:2      | Identified a +0 trident
  1251 | D:2      | Identified a +0 dagger
  1430 | D:3      | Identified an amulet of magic regeneration
  1496 | D:3      | Reached skill level 7 in Axes
  1575 | D:3      | Found Zuask's Vocational Training.
  1676 | D:3      | Identified a +0 whip
  1676 | D:3      | Identified a +0 whip
  1678 | D:3      | Identified a +0 spear
  1680 | D:3      | Identified a +0 halberd
  1929 | D:3      | Found a runed translucent door.
  1930 | D:3      | Identified a +3 quarterstaff of chaos
  1930 | D:3      | Identified a +0 cloak
  1930 | D:3      | Noticed Crazy Yiuf
  1939 | D:3      | Identified a +0 hammer
  2023 | D:3      | Identified a +0 dagger
  2024 | D:3      | Identified a +0 mace
  2065 | D:3      | Identified a +0 short sword
  2065 | D:3      | Identified a +0 leather armour
  2065 | D:3      | Identified a +0 dagger
  2065 | D:3      | Identified a +0 hand axe
  2065 | D:3      | Identified a +0 leather armour
  2065 | D:3      | Identified a +0 war axe
  2066 | D:3      | Became a worshipper of Beogh the Brigand
  2292 | D:3      | Killed Crazy Yiuf
  2293 | D:3      | Reached skill level 8 in Axes
  2293 | D:3      | Reached XP level 6. HP: 16/51 MP: 6/6
  2604 | D:4      | Identified a +0 pair of gloves
  2624 | D:4      | Noticed a steam dragon
  2624 | D:4      | Identified a +0 dagger
  2637 | D:4      | Identified a +0 falchion
  2703 | D:4      | Identified a ring of resist corrosion
  2719 | D:4      | Identified a +0 halberd
  2719 | D:4      | Identified a +0 flail
  2725 | D:4      | Identified a +0 flail
  2744 | D:4      | Identified a +0 mace
  2897 | D:4      | Identified a +0 spear
  2897 | D:4      | Identified a +0 club
  2897 | D:4      | Identified a +0 spear
  2897 | D:4      | Identified a +0 spear
  2915 | D:4      | Reached skill level 9 in Axes
  2959 | D:4      | Identified a +2 trident of venom
  2959 | D:4      | Identified a +0 robe
  2959 | D:4      | Noticed Blork the orc
  2966 | D:4      | Killed Blork the orc
  3068 | D:4      | Identified a +0 whip
  3107 | D:4      | Found a hazy altar of Hepliaklqana.
  3301 | D:4      | Reached XP level 7. HP: 53/57 MP: 7/7
  3411 | D:4      | Identified a +2 short sword of venom
  3494 | D:4      | Reached skill level 10 in Axes
  3544 | D:4      | Identified a ring of willpower
  3555 | D:5      | Entered Level 5 of the Dungeon
  3555 | D:5      | Noticed a yak
  3555 | D:5      | Noticed a yak
  3556 | D:5      | Noticed a yak
  3556 | D:5      | Identified a +0 orcbow
  3557 | D:5      | Noticed a yak
  3558 | D:5      | Identified the +1 ring mail "Xaodon" {Rampage rN+ Will+
                  | Int+3}
  3558 | D:5      | Noticed a yak
  3568 | D:4      | HP: 9/57 [yak (12)]
  3569 | D:4      | Identified 2 potions of enlightenment
  3569 | D:4      | Slain by a yak

Table legend: (Time is in decaauts)
 A = Elapsed time spent in this place.
 B = Non-inter-level travel time spent in this place.
 C = Inter-level travel time spent in this place.
 D = Time resting spent in this place.
 E = Time spent auto-exploring this place.
 F = Levels seen in this place.
 G = Mean time per level.
                   A        B        C        D        E       F      G
               +--------+--------+--------+--------+--------+-----+--------+
         Total |   3620 |   3528 |     92 |    449 |   2268 |   5 |  724.0 |
       Dungeon |   3620 |   3528 |     92 |    449 |   2268 |   5 |  724.0 |
               +--------+--------+--------+--------+--------+-----+--------+

Top non-repeatable levels by time:
     D:3: 1090 daAuts
     D:4: 1089 daAuts
     D:2: 965 daAuts
     D:1: 467 daAuts
     D:5: 7 daAuts

Table legend:
 A = Kills in this place as a percentage of kills in the entire game.
 B = Kills by you in this place as a percentage of kills by you in the entire game.
 C = Kills by friends in this place as a percentage of kills by friends in the entire game.
 D = Other kills in this place as a percentage of other kills in the entire game.
 E = Experience gained in this place as a percentage of experience gained in the entire game.
 F = Experience gained in this place divided by the number of levels of this place that you have seen.
                   A       B       C       D       E      F
               +-------+-------+-------+-------+-------+----------------------
         Total | 100.0 | 100.0 |   N/A |   N/A | 100.0 | 148.6
       Dungeon | 100.0 | 100.0 |   N/A |   N/A | 100.0 | 148.6
               +-------+-------+-------+-------+-------+----------------------

Skill      XL: |  1  2  3  4  5  6  7 |
---------------+----------------------+-----
Axes           | 3 4 5 6 8 9 10 | 10.1
Fighting       | |  3.6
Armour         | |  3.2
Shields        | |  3.2

Action                     |  1- 3 |  4- 6 |  7- 9 || total
---------------------------+-------+-------+-------++-------
  Melee: War axe           |   103 |   220 |    27 ||   350
 Invoke: Convert to Beogh  |       |     1 |       ||     1
    Use: Potion            |       |     1 |     1 ||     2
 Armour: Scale mail        |    74 |   139 |    27 ||   240
  Dodge: Dodged            |    42 |    99 |    13 ||   154
  Block: Buckler           |    32 |    56 |     7 ||    95

Vanquished Creatures
  Blork the orc (D:4)
  A howler monkey (D:4)
  2 hounds (D:4)
  Crazy Yiuf (D:3)
  Robin (D:2)
  14 gnolls
  9 adders
  5 dart slugs
  2 ribbon worms
  3 orcs
  11 bats
  7 endoplasms
  4 giant cockroaches
  5 goblins
  15 hobgoblins
  10 ball pythons
  2 frilled lizards
  6 kobolds
  3 rats
102 creatures vanquished.
